 Dungeon Crawl Stone Soup version 0.31-a0-625-gc9c7e45f3f (webtiles) character file.

Game seed: 7247112609885161148

12448 AdnanSaban the Basher (level 11, -2/69 HPs)
             Began as a Gargoyle Fighter on Aug 24, 2023.
             Was a High Priest of Okawaru.
             Slain by a manticore (7 damage)
             ... summoned by a boggart
             ... on level 11 of the Dungeon.
             The game lasted 00:15:43 (11927 turns).

AdnanSaban the Basher (Gargoyle Fighter)           Turns: 11927, Time: 00:15:44

Health: -2/69      AC: 42    Str: 24    XL:     11   Next: 93%
Magic:  11/13      EV: 10    Int:  9    God:    Okawaru [*****.]
Gold:   627        SH:  7    Dex:  9    Spells: 10/10 levels left

rFire   . . .        O - +2 flail (protect)
rCold   + . .        c - +0 buckler
rNeg    + . .        N - +2 plate armour "Xisoodabb" {rPois rC+}
rPois   ∞            H - +2 helmet
rElec   +            I - +1 cloak
rCorr   .            C - +0 pair of gloves
SInv    .            h - +0 pair of boots
Will    .....        k - amulet of the acrobat Stlth
                     (no ring)
HPRegen 0.31/turn    (no ring)
MPRegen 0.13/turn

%: acrobat
@: heroic, spiked, under a protective aura
A: sickness immunity, AC +8, negative energy resistance 1, electricity
resistance, torment resistance 1, petrification resistance
a: Renounce Religion, Heroism, Finesse, Duel


You were on level 11 of the Dungeon.
You worshipped Okawaru.
Okawaru was extremely pleased with you.
You visited 2 branches of the dungeon, and saw 13 of its levels.

You collected 627 gold pieces.

Inventory:

Hand Weapons
 D - a +5 flail
 O - a +2 flail of protection (weapon)
Missiles
 g - 14 poisoned darts (quivered)
 F - 3 boomerangs
Armour
 c - a +0 buckler (worn)
 h - a +0 pair of boots (worn)
 C - a +0 pair of gloves (worn)
 H - a +2 helmet (worn)
 I - a +1 cloak (worn)
 N - the +2 plate armour "Xisoodabb" (worn) {rPois rC+}
   (Okawaru gifted it to you on level 9 of the Dungeon)

   rC+:       It protects you from cold.
   rPois:     It protects you from poison
Jewellery
 k - an amulet of the acrobat (around neck)
 x - a +6 ring of intelligence
Wands
 t - a wand of iceblast (19)
 E - a wand of polymorph (11)
Scrolls
 a - 2 scrolls of fear {unknown}
 b - 2 scrolls of teleportation {unknown}
 e - 6 scrolls of amnesia {unknown}
 f - 4 scrolls of revelation {unknown}
 i - 2 scrolls of brand weapon {unknown}
 m - 8 scrolls of identify {unknown}
 n - 6 scrolls of enchant weapon {unknown}
 r - a scroll of noise {unknown}
 u - 2 scrolls of acquirement {unknown}
 v - a scroll of enchant armour {unknown}
 y - 2 scrolls of blinking {unknown}
 z - a scroll of immolation {unknown}
 A - 3 scrolls of poison {unknown}
 B - a scroll of vulnerability {unknown}
 J - a scroll of silence {unknown}
 M - a scroll of summoning {unknown}
Potions
 d - 2 potions of might
 j - 5 potions of cancellation {unknown}
 l - 3 potions of attraction {unknown}
 o - 4 potions of heal wounds {unknown}
 p - 4 potions of curing {unknown}
 q - 2 potions of degeneration {unknown}
 s - 2 potions of magic {unknown}
 w - 2 potions of invisibility {unknown}
 G - 2 potions of mutation {unknown}
 K - a potion of berserk rage {unknown}
 L - a potion of ambrosia {unknown}


   Skills:
 + Level 8.3(13.3) Fighting
 + Level 12.8(17.8) Maces & Flails
 + Level 0.8(5.8) Throwing
 + Level 9.0(14.0) Armour
 + Level 4.1(9.1) Dodging
 + Level 1.6(6.6) Stealth
 + Level 8.1(13.1) Shields
 * Level 3.0 Invocations


You had 10 spell levels left.
You didn't know any spells.
Your spell library contained the following spells:

 Spells                   Type           Power      Damage    Failure   Level
 Magic Dart               Conj           0%         1d3       98%         1
 Ensorcelled Hibernation  Hex/Ice        0%         N/A       99%         2
 Passwall                 Tmut/Erth      0%         N/A       99%         2
 Searing Ray              Conj           0%         2d4       99%         2
 Portal Projectile        Hex/Tloc       0%         N/A       100%        3
 Swiftness                Air            0%         N/A       100%        3
 Fulminant Prism          Conj/Hex       0%         3d5       100%        4
 Iskenderun's Mystic Bla  Conj/Tloc      0%         2d3       100%        4
 Petrify                  Tmut/Erth      0%         N/A       100%        4
 Irradiate                Conj/Tmut      0%         3d11      100%        5
 Chain Lightning          Conj/Air       0%         N/A       100%        9
 Fire Storm               Conj/Fire      0%         5d1       100%        9
 Shatter                  Erth           0%         3d5*      100%        9
 Sublimation of Blood     Necr           Unusable   N/A       N/A         2
 Tukima's Dance           Hex            Unusable   N/A       N/A         3
 Summon Ice Beast         Ice/Summ       Unusable   N/A       N/A         4
 Summon Mana Viper        Hex/Summ       Unusable   N/A       N/A         5
 Monstrous Menagerie      Summ           Unusable   N/A       N/A         7

Dungeon Overview and Level Annotations

Branches:
Dungeon (12/15)            Temple (1/1) D:4            Lair (0/5) D:10
    Orc (0/2) D:11

Altars:
Ashenzari
Cheibriados
Dithmenos
Elyvilon
Fedhas
Gozag
Hepliaklqana
Kikubaaqudgha
Makhleb
Nemelex Xobeh
Okawaru
Qazlal
Ru
Sif Muna
Trog
Uskayaw
Vehumet
Wu Jian
Xom
Yredelemnul
Zin
The Shining One

Shops:
D:6 *   D:7 *

Portals:
Abyss: D:7

Annotations:
D:7 2 transporters, Kusto's ghost, novice FeSu


Innate Abilities, Weirdness & Mutations

You are immune to sickness and miasma.
Your stone body is resilient. (AC +8)
You are immune to poison.
You resist negative energy. (rN+)
You are resistant to electric shocks. (rElec)
You are resistant to unholy torment.
You are immune to petrification.


Message History

The basilisk completely misses you.
The barbed spikes dig painfully into your body as you move.
You block the boggart's attack. The basilisk completely misses you.
The boulder beetle bites you!
There is a stone staircase leading down here.
You barely miss the boggart.
The boggart is severely wounded.
The boggart completely misses you.
The boggart mumbles some strange words.
The boggart flickers and vanishes!
Deactivating autopickup; reactivate with Ctrl-A.
The basilisk bites you but does no damage.
You thump the boggart!
Your weapon exudes an aura of protection.
You kill the boggart!
Okawaru accepts your kill. Something hits you but does no damage.
You block the boulder beetle's attack. The basilisk gazes at you.
You resist with some effort.
Your Invocations skill increases to level 3!
You closely miss something. Something hits you but does no damage.
The boulder beetle bites you!
* * * LOW HITPOINT WARNING * * *
Unknown command.
You gain the combat prowess of a mighty hero.
You hear some strange, mumbled words.
The basilisk completely misses you.
The boulder beetle bites you but does no damage.
Something hits you but does no damage.
You closely miss something. The basilisk bites you.
* * * LOW HITPOINT WARNING * * *
The boulder beetle barely misses you.
You hit something.
Your weapon exudes an aura of protection.
Something hits you but does no damage.
The basilisk bites you but does no damage.
You sock something! The boulder beetle bites you.
* * * LOW HITPOINT WARNING * * *
Something hits you but does no damage. The manticore bites you!
You die...

###### ####'#### #.# ### #.## ..#
#..# #.# ########### ##.# #.####
#.........# #.#
.....####.........###########.#
####.##.'.)......l'.........#.###
.....##.#......H@.#########......
/######.#......{B.# ###....
........#.........# ####.
####.####.........# ## .....#
#######)### # ###### #...# # ###
########'## ).# #...<.#...#
#'###### #.###.#.#.#


You could see a boulder beetle (summoned), a manticore (summoned) and a
basilisk.

Vanquished Creatures
  2 cyclopes (D:11)
  A komodo dragon (D:10)
  An unseen horror (D:11)
  A troll (D:10)
  A hornet (D:10)
  A polar bear (D:11)
  Grinder (D:5)
  2 centaur simulacra (D:11)
  A vampire (D:9)
  4 wyverns
  A shadow (D:11)
  28 yaks
  2 basilisks (D:10)
  A steam dragon (D:9)
  2 vampire mosquitoes (D:9)
  4 water moccasins
  7 orc warriors
  An ice beast (D:11)
  2 black bears
  2 ogres
  2 boggarts (D:11)
  3 centaurs
  A phantom (D:5)
  A kobold brigand (D:10)
  5 bullfrogs
  6 scorpions
  5 wights
  9 killer bees
  2 howler monkeys
  A jelly (D:4)
  4 hounds
  7 orc priests
  A gnoll bouda (D:4)
  Ijyb (D:3)
  Terence (D:3)
  A sleepcap (D:5)
  2 iguanas
  13 orc wizards
  7 gnolls
  6 adders
  3 shadow imps
  A white imp (D:5)
  4 ufetubi
  2 worms (D:2)
  5 dart slugs
  56 orcs
  7 ball pythons
  9 bats
  4 endoplasms
  4 giant cockroaches
  9 goblins
  2 hobgoblins
  6 jackals
  6 quokkas
  4 frilled lizards
  12 kobolds
  6 rats
283 creatures vanquished.

Notes
Turn   | Place    | Note
-------+----------+-------------------------------------------
     0 | D:1      | AdnanSaban the Gargoyle Fighter began the quest for the
                  | Orb.
     0 | D:1      | Reached XP level 1. HP: 14/14 MP: 1/1
    50 | D:1      | Reached XP level 2. HP: 8/19 MP: 2/2
   316 | D:1      | Found a faded altar of an unknown god.
   340 | D:1      | Reached XP level 3. HP: 23/23 MP: 3/3
   983 | D:2      | Reached skill level 1 in Dodging
  1153 | D:2      | Reached XP level 4. HP: 28/28 MP: 4/4
  1536 | D:3      | Reached skill level 3 in Maces & Flails
  1613 | D:3      | Noticed Terence
  1623 | D:3      | Killed Terence
  1782 | D:3      | Noticed Ijyb
  1800 | D:3      | Killed Ijyb
  1801 | D:3      | Reached XP level 5. HP: 31/33 MP: 5/5
  2044 | D:3      | Reached skill level 4 in Maces & Flails
  2401 | D:4      | Found a staircase to the Ecumenical Temple.
  2438 | Temple   | Entered the Ecumenical Temple
  2509 | Temple   | Became a worshipper of Warmaster Okawaru
  2593 | D:4      | Reached XP level 6. HP: 38/38 MP: 6/6
  3206 | D:4      | Noticed a black bear
  3244 | D:4      | Killed a black bear
  3244 | D:4      | Reached * piety under Okawaru
  3251 | D:4      | Reached skill level 5 in Maces & Flails
  3251 | D:4      | Reached XP level 7. HP: 33/43 MP: 7/7
  3258 | D:4      | HP: 2/43 [ogre/+0 giant club (28)]
  3660 | D:5      | Entered Level 5 of the Dungeon
  3669 | D:5      | Noticed Grinder
  3671 | D:5      | Found a radiant altar of Vehumet.
  3680 | D:5      | Paralysed by Grinder for 5 turns
  3747 | D:5      | Paralysed by Grinder for 2 turns
  3752 | D:5      | Killed Grinder
  3753 | D:5      | Reached skill level 5 in Armour
  3760 | D:5      | Reached ** piety under Okawaru
  3942 | D:5      | Reached skill level 6 in Maces & Flails
  4034 | D:5      | Found a shadowy altar of Dithmenos.
  4037 | D:5      | Found a snail-covered altar of Cheibriados.
  4046 | D:5      | Reached XP level 8. HP: 41/48 MP: 8/8
  4073 | D:5      | Found a sparkling altar of Nemelex Xobeh.
  4076 | D:5      | Found a shimmering altar of Xom.
  4564 | D:5      | Reached skill level 7 in Maces & Flails
  5119 | D:6      | Reached skill level 5 in Fighting
  5464 | D:6      | Reached *** piety under Okawaru
  5581 | D:5      | Reached skill level 8 in Maces & Flails
  5581 | D:5      | Reached XP level 9. HP: 42/54 MP: 9/9
  6036 | D:6      | Found Cyofan's Assorted Antiques.
  6442 | D:7      | Found a transporter.
  6453 | D:7      | Noticed a purple ugly thing
  6470 | D:7      | Noticed a purple ugly thing
  6493 | D:7      | Found a transporter.
  6499 | D:7      | Found a one-way gate to the infinite horrors of the Abyss.
  6499 | D:7      | Noticed Kusto's ghost (novice FeSu)
  6934 | D:7      | Found Zippucw's Assorted Antiques.
  7010 | D:7      | Reached skill level 9 in Maces & Flails
  7432 | D:7      | Reached skill level 5 in Shields
  7530 | D:8      | Reached **** piety under Okawaru
  7616 | D:8      | Reached XP level 10. HP: 49/61 MP: 10/10
  7711 | D:8      | Reached skill level 10 in Maces & Flails
  8224 | D:9      | Reached ***** piety under Okawaru
  8943 | D:9      | Found a hide-covered altar of Uskayaw.
  8943 | D:9      | Noticed a +0 dagger
  8944 | D:9      | Noticed a +0 dagger
  8952 | D:9      | Reached skill level 1 in Stealth
  9066 | D:10     | Entered Level 10 of the Dungeon
  9073 | D:9      | Identified the +2 plate armour "Xisoodabb" {rPois rC+}
                  | (Okawaru gifted it to you on level 9 of the Dungeon)
  9073 | D:9      | Received a gift from Okawaru
  9132 | D:10     | Reached skill level 11 in Maces & Flails
  9242 | D:10     | Reached XP level 11. HP: 35/67 MP: 11/11
  9861 | D:10     | Found a staircase to the Lair.
  9876 | D:10     | Reached skill level 12 in Maces & Flails
 10114 | D:10     | Reached skill level 1 in Invocations
 10424 | D:10     | Noticed a skeletal warrior
 10991 | D:11     | Found a staircase to the Orcish Mines.
 11230 | D:11     | Noticed a cyclops
 11267 | D:11     | Killed a cyclops
 11267 | D:11     | Identified the +1 cloak "Noru" {rElec} (Okawaru gifted it
                  | to you on level 11 of the Dungeon)
 11267 | D:11     | Received a gift from Okawaru
 11607 | D:11     | Noticed a cyclops
 11617 | D:11     | Killed a cyclops
 11902 | D:12     | Noticed a manticore
 11905 | D:12     | Noticed a two-headed ogre
 11907 | D:11     | Noticed a two-headed ogre
 11920 | D:11     | Noticed a boulder beetle
 11925 | D:11     | Noticed a manticore
 11927 | D:11     | Slain by a manticore

Illustrated notes

Levels and vault maps discovered:
D:1:      nzn_arrival_water_spiral, layout_basic,
          shapermc_ecumenical_altar_mp_vishouse
D:2:      layout_loops_ring
D:3:      layout_loops_ring, uniq_terence, uniq_ijyb
D:4:      minmay_chambers_of_threes, layout_basic, minmay_temple_entry_hall
D:5:      layout_basic, mainiacjoe_overflow_catwalk,
          grunt_temple_overflow_cloverleaf, serial_corexii_hall,
          corexii_hall_statues_x, chequers_hall_statues_corner_a, uniq_grinder
D:6:      layout_loops_corners, serial_shops, nicolae_shop_trees,
          lightli_orcish_oven
D:7:      layout_loops_corners, gammafunk_ghost_abyssal_escape, serial_shops,
          shop, palyth_stone_intersect, centaur_isle
D:8:      layout_rooms, minmay_large_rounded_square, grunt_decor_mini_mirrors,
          kennysheep_generic_room_4
D:9:      layout_gridville, dancing_weapons_uskayaw,
          nicolae_twisty_statue_hallways
D:10:     layout_cave_pools, minmay_lair_entry_grove, minmay_evil_grid
D:11:     layout_roguey, david_orc_5, serial_ice, serial_ice_a, serial_ice_c,
          serial_ice_f, serial_ice_d
D:12:     layout_cave_pools, portal_ice_cave_entry_ice_simulacra, uniq_nessos,
          uniq_maurice
Temple:   minmay_temple_bridge_d

Skill      XL: |  1  2  3  4  5  6  7  8  9 10 11 |
---------------+----------------------------------+-----
Dodging        | 1 2 3 4 |  4.1
Maces & Flails | 3 4 5 6 8 9 11 12 | 12.8
Armour         | 4 5 6 7 8 9 |  9.0
Fighting       | 4 5 6 7 8 |  8.3
Shields        | 4 6 7 8 |  8.1
Stealth        | 1 |  1.6
Invocations    | 3 |  3.0
Throwing       | |  0.8

Action                     |  1- 3 |  4- 6 |  7- 9 | 10-12 || total
---------------------------+-------+-------+-------+-------++-------
  Melee: Flail             |   145 |   199 |   361 |   527 ||  1232
  Throw: Dart              |       |     3 |     2 |     6 ||    11
 Invoke: Heroism           |       |       |       |     1 ||     1
 Armour: Scale mail        |   114 |    11 |       |       ||   125
         Chain mail        |       |   124 |   221 |    73 ||   418
         Plate armour      |       |       |       |   297 ||   297
  Dodge: Dodged            |   103 |   120 |   228 |   239 ||   690
  Block: Buckler           |    42 |    39 |    87 |   136 ||   304

Table legend: (Time is in decaauts)
 A = Elapsed time spent in this place.
 B = Non-inter-level travel time spent in this place.
 C = Inter-level travel time spent in this place.
 D = Time resting spent in this place.
 E = Time spent auto-exploring this place.
 F = Levels seen in this place.
 G = Mean time per level.
                   A        B        C        D        E       F      G
               +--------+--------+--------+--------+--------+-----+--------+
         Total |  11976 |  11339 |    637 |    703 |   7985 |  13 |  921.2 |
       Dungeon |  11834 |  11337 |    497 |    703 |   7985 |  12 |  986.2 |
        Temple |    142 |      2 |    140 |      0 |      0 |   1 |  142.0 |
               +--------+--------+--------+--------+--------+-----+--------+

Top non-repeatable levels by time:
     D:4: 1404 daAuts
     D:9: 1351 daAuts
     D:5: 1321 daAuts
     D:7: 1256 daAuts
    D:11: 1135 daAuts
     D:6: 1103 daAuts
    D:10: 1036 daAuts
     D:3: 855 daAuts
     D:8: 810 daAuts
     D:1: 797 daAuts
     D:2: 750 daAuts
  Temple: 142 daAuts
    D:12: 10 daAuts
